 Dungeon Crawl Stone Soup version 0.17-a0-1853-ge1bd2c8 (webtiles) character file.

251 Horrz the Charmwright (level 5, -4/36 HPs)
             Began as a High Elf Skald on Sept 20, 2015.
             Was an Initiate of Sif Muna.
             Slain by a centaur (6 damage)
             ... on level 6 of the Dungeon.
             The game lasted 00:18:55 (3670 turns).

Horrz the Charmwright (High Elf Skald)              Turns: 3670, Time: 00:18:55

Health: -4/36      AC:  6    Str: 12    XL:     5   Next: 88%
Magic:  8/11       EV: 12    Int: 15    God:    Sif Muna [......]
Gold:   110        SH:  0    Dex: 15    Spells: 5 memorised, 0 levels left

rFire  + . .     SeeInvis .     a - +0 falchion
rCold  . . .     Clarity  .     b - +0 leather armour
rNeg   + . .     SustAt   .     (no shield)
rPois  .         Gourm    .     (no helmet)
rElec  .         Spirit   .     w - +0 cloak (curse)
rCorr  .         Warding  +     u - +0 pair of gloves
rMut   .         Stasis   .     (no boots)
MR     .....                    o - amulet of warding
Stlth  +.........               A - +1 ring of protection
                                p - ring of protection from fire

@: infused, not resistant to hostile enchantments, very unstealthy
A: no striking features
a: Renounce Religion


You were on level 6 of the Dungeon.
You worshipped Sif Muna.
Sif Muna was noncommittal.
You were hungry.

You visited 1 branch of the dungeon, and saw 6 of its levels.

You collected 110 gold pieces.

Inventory:

Hand weapons
 a - a +0 falchion (weapon)
 y - a +2 short sword of flaming
Armour
 b - a +0 leather armour (worn)
 u - a +0 pair of gloves (worn)
 w - a cursed +0 cloak (worn)
Magical staves
 l - an uncursed staff of cold
Jewellery
 m - an uncursed amulet of regeneration
 o - an amulet of warding (around neck)
 p - a ring of protection from fire (left hand)
 A - a +1 ring of protection (right hand)
Scrolls
 i - 9 scrolls of identify
 q - a scroll of remove curse {unknown}
 s - 2 scrolls of amnesia {unknown}
 x - a scroll of enchant weapon {unknown}
 z - 2 scrolls of fear {unknown}
 B - a scroll of recharging {unknown}
 D - a scroll of magic mapping {unknown}
Potions
 e - a potion of curing {unknown}
 f - 2 potions of haste {unknown}
 g - 2 potions of might {unknown}
 j - 2 potions of brilliance {unknown}
 n - 2 potions of ambrosia {unknown}
 r - a potion of magic {unknown}
 t - a potion of resistance {unknown}
 v - a potion of poison {unknown}
 C - 2 potions of heal wounds {unknown}
Books
 c - a book of Battle

   Spells                             Type                      Level
   a - Infusion                       Charms                       1
   b - Shroud of Golubria             Charms/Translocation         2
   c - Song of Slaying                Charms                       2
   d - Spectral Weapon                Hexes/Charms                 3
   e - Regeneration                   Charms/Necromancy            3
Comestibles
 d - 3 bread rations
 h - a meat ration
 k - a beef jerky


   Skills:
 + Level 3.5 Fighting
 + Level 4.0 Long Blades
 + Level 1.6 Armour
 + Level 1.9 Dodging
 + Level 3.9 Spellcasting
 + Level 4.5 Charms


You couldn't memorise any spells.
You knew the following spells:

 Your Spells              Type           Power        Failure   Level  Hunger
a - Infusion              Chrm           ###...       3%          1    None
b - Song of Slaying       Chrm           ###.....     6%          2    ##.....
c - Shroud of Golubria    Chrm/Tloc      #.........   17%         2    ##.....
d - Regeneration          Chrm/Necr      #.........   30%         3    ###....
e - Spectral Weapon       Hex/Chrm       #.......     30%         3    ###....


Dungeon Overview and Level Annotations

Branches:
Dungeon (6/15)
 Temple: D:4-7

Altars:
Elyvilon
Qazlal
Sif Muna
Trog
Vehumet

Shops:
D:4 *

Annotations:
D:4 Blork the orc, Edmund, Natasha


Message History

Casting: Regeneration
Confirm with . or Enter, or press ? or * to list all spells.
You begin infusing your attacks with magical energy.
Casting: Infusion
Confirm with . or Enter, or press ? or * to list all spells.
Space distorts slightly along a thin shroud covering your body.
The centaur shouts!
The centaur wields a shortbow.
The centaur shoots an arrow.
The arrow hits you!
You see here an arrow.
The centaur shoots an arrow.
The arrow hits you.
You see here an arrow.
The centaur shoots an arrow.
The arrow hits you!
* * * LOW HITPOINT WARNING * * *
You see here an arrow.
The centaur unwields an uncursed shortbow.
The centaur closely misses you.
You closely miss the centaur.
Your shroud begins to fray at the edges.
The centaur hits you.
You die...

. ..... ...# #.
#..# #..#
##.##..########..#
..........'..#...#
..........#..#...#
........(.#..'.<.+
#+###.(###.###..#
#(.###.# #..#
#@..+... ....#
+c..#... ....+
#...#..####+##
##+##+#


You could see a centaur.

Vanquished Creatures
  An ice beast (D:3)
  Natasha (twice) (D:4)
  6 adders
  6 worms (D:2)
  2 giant geckos
  An orc (D:3)
  10 bats
  3 giant cockroaches
  5 goblins
  5 hobgoblins
  3 jackals (D:3)
  4 quokkas
  A giant gecko skeleton (D:4)
  7 giant newts
  2 kobolds
  8 rats
66 creatures vanquished.

Vanquished Creatures (others)
  A worm (D:2)
1 creature vanquished.

Grand Total: 67 creatures vanquished

Notes
Turn   | Place    | Note
--------------------------------------------------------------
     0 | D:1      | Horrz the High Elf Skald began the quest for the Orb.
     0 | D:1      | Reached XP level 1. HP: 14/14 MP: 4/4
   435 | D:1      | Reached XP level 2. HP: 16/19 MP: 6/6
   616 | D:1      | Learned a level 2 spell: Song of Slaying
   619 | D:1      | Learned a level 2 spell: Shroud of Golubria
  1029 | D:2      | Reached skill level 4 in Charms
  1275 | D:2      | Reached XP level 3. HP: 3/25 MP: 0/8
  1752 | D:2      | Reached XP level 4. HP: 14/30 MP: 10/10
  1974 | D:2      | Found a stormy altar of Qazlal.
  2053 | D:2      | Learned a level 3 spell: Regeneration
  2343 | D:3      | Noticed an ice beast
  2357 | D:3      | Killed an ice beast
  2357 | D:3      | Reached skill level 1 in Armour
  2357 | D:3      | Reached XP level 5. HP: 23/36 MP: 0/11
  2660 | D:3      | Learned a level 3 spell: Spectral Weapon
  2919 | D:3      | Found a radiant altar of Vehumet.
  2990 | D:3      | Found a bloodstained altar of Trog.
  2993 | D:3      | Found a deep blue altar of Sif Muna.
  2999 | D:3      | Became a worshipper of Sif Muna the Loreminder
  3003 | D:3      | Found a white marble altar of Elyvilon.
  3104 | D:4      | Noticed Natasha
  3113 | D:4      | Killed Natasha
  3162 | D:4      | Noticed Blork the orc
  3213 | D:4      | Found Epyoth's Serpentskin Sales.
  3213 | D:4      | Noticed Natasha
  3217 | D:4      | Killed Natasha
  3365 | D:4      | Noticed Edmund
  3380 | D:4      | Noticed Natasha
  3398 | D:5      | Entered Level 5 of the Dungeon
  3418 | D:5      | Noticed a centaur
  3424 | D:5      | Noticed an ogre
  3427 | D:5      | HP: 1/36 [giant frog skeleton (3)]
  3662 | D:6      | Noticed a centaur
  3670 | D:6      | Slain by a centaur

Vault maps used:
D:1:      mainiacjoe_arrival_reflecting_pool, minivault_25, item_on_display_a
D:2:      grunt_qazlal_clouds
D:3:      grunt_temple_overflow_diamond, lemuel_coloured_pillars_altar,
          minmay_fountain_box
D:4:      first_bread, grunt_ministairs_12, kennysheep_minor_cross,
          guppyfry_shop_venom, uniq_blork_the_orc, uniq_edmund, uniq_natasha
D:5:      uniq_duvessa, uniq_prince_ribbit1, uniq_pikel, uniq_crazy_yiuf_cottage

Action                   |  1- 3 |  4- 6 || total
-------------------------+-------+-------++-------
Melee: Falchion          |   121 |   151 ||   272
 Cast: Infusion          |     8 |    11 ||    19
       Shroud of Golubri |       |     4 ||     4
       Regeneration      |       |     1 ||     1
  Use: Scroll            |     1 |       ||     1
  Eat: Chunk             |     3 |     6 ||     9
